[ AOE2 MATCH · #505272661 ]
UnrankedArmenians vs Bengalis
Player's team · WIN
Rival team · LOSS
[ REPLAY ANALYSIS · EXTRACTED FROM THE RECORDED GAME ]
Feudal
9:00
Castle
23:30
Imperial
—
| APM avg | 43.8 |
| APM peak | 82 |
| eAPM avg | 24.8 |
| Villagers / military | 81 / 63 |
Focus
⚔️ 37.1% · 🌾 62.9%
Scout Cavalry ×46 · Militia ×17
Feudal
10:36
Castle
17:21
Imperial
—
| APM avg | 37.6 |
| APM peak | 127 |
| eAPM avg | 21.8 |
| Villagers / military | 33 / 18 |
Focus
⚔️ 39.3% · 🌾 60.7%
Monk ×9 · Mangonel ×5 · Scorpion ×4
Match map
Initial resources + every placement click. Lines = walls · curves = elevation contours. ◆ gold · ⬟ stone · ● berries · ✦ relic · ◌ wall gap
Your base· Open — 4t gap
Shoskid's base· Open — 6t gap
Smoothed initial terrain · ◌ = detected wall gap · hover for details
Inputs per minute
— snowshawnskate - - Shoskid
Build order — snowshawnskate
First 150 of 270 actions detected
| 0:00 | Create | Villager (Male) |
| 0:01 | Create | Villager (Male) |
| 0:02 | Build | House |
| 0:03 | Build | House |
| 0:10 | Create | Villager (Male) |
| 0:20 | Create | Villager (Male) |
| 1:28 | Create | Villager (Male) |
| 1:44 | Build | Mule Cart |
| 1:49 | Create | Villager (Male) |
| 2:19 | Create | Villager (Male) |
| 2:50 | Create | Villager (Male) |
| 3:22 | Create | Villager (Male) |
| 3:39 | Build | House |
| 3:48 | Create | Villager (Male) |
| 3:55 | Create | Villager (Male) |
| 4:07 | Create | Villager (Male) |
| 5:04 | Create | Villager (Male) |
| 5:11 | Create | Villager (Male) |
| 5:24 | Create | Villager (Male) |
| 5:57 | Build | House |
| 6:23 | Build | Barracks |
| 6:25 | Create | Villager (Male) |
| 6:49 | Research | Feudal Age |
| 6:57 | Create | Militia |
| 7:26 | Create | Militia |
| 7:26 | Create | Militia |
| 8:20 | Create | Militia |
| 8:43 | Build | House |
| 9:00 | Age | Feudal Age |
| 9:02 | Research | Man-at-Arms (upgrade) |
| 9:04 | Create | Villager (Male) |
| 9:26 | Create | Villager (Male) |
| 9:41 | Create | Villager (Male) |
| 9:49 | Research | Long Swordsman (upgrade) |
| 10:01 | Create | Villager (Male) |
| 10:04 | Create | Villager (Male) |
| 10:25 | Create | Villager (Male) |
| 10:39 | Build | Mill |
| 10:40 | Create | Villager (Male) |
| 10:43 | Research | Arson |
| 10:59 | Create | Militia |
| 10:59 | Create | Militia |
| 11:00 | Create | Villager (Male) |
| 11:22 | Build | House |
| 11:34 | Create | Villager (Male) |
| 11:39 | Build | House |
| 11:42 | Build | House |
| 12:01 | Create | Militia |
| 12:02 | Create | Militia |
| 12:11 | Create | Villager (Male) |
| 12:12 | Build | Farm |
| 12:15 | Build | Farm |
| 12:17 | Build | House |
| 12:19 | Build | Farm |
| 12:29 | Build | Farm |
| 12:42 | Create | Villager (Male) |
| 13:02 | Build | Farm |
| 13:03 | Build | Farm |
| 13:04 | Build | House |
| 13:09 | Create | Villager (Male) |
| 13:23 | Create | Villager (Male) |
| 13:32 | Create | Villager (Male) |
| 13:34 | Build | Farm |
| 13:36 | Build | House |
| 13:43 | Create | Villager (Male) |
| 13:58 | Create | Militia |
| 14:08 | Build | Mule Cart |
| 14:18 | Create | Villager (Male) |
| 14:26 | Create | Villager (Male) |
| 14:28 | Create | Villager (Male) |
| 14:37 | Create | Militia |
| 14:43 | Create | Villager (Male) |
| 14:47 | Build | Farm |
| 14:51 | Build | House |
| 15:28 | Create | Villager (Male) |
| 15:51 | Create | Villager (Male) |
| 16:01 | Create | Militia |
| 16:01 | Create | Militia |
| 16:02 | Create | Villager (Male) |
| 16:02 | Create | Villager (Male) |
| 16:04 | Build | Farm |
| 16:04 | Build | Farm |
| 16:04 | Build | Farm |
| 16:04 | Build | Farm |
| 16:05 | Build | Farm |
| 16:32 | Create | Militia |
| 16:44 | Create | Villager (Male) |
| 16:46 | Create | Militia |
| 16:47 | Create | Villager (Male) |
| 16:58 | Build | Farm |
| 16:58 | Build | Farm |
| 16:59 | Build | Farm |
| 16:59 | Build | Farm |
| 16:59 | Create | Villager (Male) |
| 17:00 | Create | Villager (Male) |
| 17:03 | Create | Militia |
| 17:10 | Build | Farm |
| 17:27 | Research | Loom |
| 17:42 | Build | Palisade Wall |
| 17:59 | Create | Villager (Male) |
| 18:08 | Create | Militia |
| 18:25 | Build | Farm |
| 18:29 | Build | Mule Cart |
| 18:41 | Create | Militia |
| 18:41 | Create | Villager (Male) |
| 18:44 | Research | Double-Bit Axe |
| 18:45 | Research | Horse Collar |
| 18:51 | Build | Palisade Wall |
| 19:35 | Create | Villager (Male) |
| 19:43 | Build | Blacksmith |
| 20:19 | Build | Farm |
| 20:27 | Build | Market |
| 20:50 | Research | Castle Age |
| 20:56 | Build | Stable |
| 21:07 | Build | Stable |
| 21:12 | Build | House |
| 21:14 | Build | Stable |
| 21:20 | Research | Scale Barding Armor |
| 21:20 | Research | Scale Barding Armor |
| 21:33 | Research | Forging |
| 21:46 | Build | Farm |
| 21:49 | Create | Scout Cavalry |
| 21:55 | Build | Farm |
| 22:17 | Build | Farm |
| 22:18 | Build | Farm |
| 22:22 | Build | Farm |
| 22:25 | Create | Scout Cavalry |
| 22:26 | Create | Scout Cavalry |
| 22:35 | Build | House |
| 22:44 | Create | Scout Cavalry |
| 22:44 | Create | Scout Cavalry |
| 22:55 | Create | Scout Cavalry |
| 22:55 | Create | Scout Cavalry |
| 22:59 | Build | Mill |
| 23:01 | Build | Farm |
| 23:02 | Build | Farm |
| 23:06 | Create | Scout Cavalry |
| 23:06 | Create | Scout Cavalry |
| 23:23 | Create | Villager (Male) |
| 23:30 | Age | Castle Age |
| 23:37 | Research | Light Cavalry (upgrade) |
| 23:54 | Research | Bow Saw |
| 23:55 | Research | Bow Saw |
| 24:03 | Build | Town Center |
| 24:10 | Create | Scout Cavalry |
| 24:10 | Create | Scout Cavalry |
| 24:29 | Create | Villager (Male) |
| 24:30 | Create | Villager (Male) |
| 24:44 | Create | Scout Cavalry |
| 24:44 | Create | Scout Cavalry |
Build order — Shoskid
146 actions detected in the replay
| 0:00 | Create | Villager (Male) |
| 0:00 | Create | Villager (Male) |
| 0:01 | Create | Villager (Male) |
| 0:01 | Create | Villager (Male) |
| 0:01 | Create | Villager (Male) |
| 0:02 | Build | House |
| 0:05 | Build | House |
| 1:33 | Create | Villager (Male) |
| 1:33 | Create | Villager (Male) |
| 1:54 | Build | Lumber Camp |
| 2:00 | Create | Villager (Male) |
| 2:15 | Build | House |
| 2:19 | Build | House |
| 2:26 | Create | Villager (Male) |
| 2:26 | Create | Villager (Male) |
| 2:47 | Create | Villager (Male) |
| 2:47 | Create | Villager (Male) |
| 3:18 | Create | Villager (Male) |
| 3:19 | Create | Villager (Male) |
| 3:45 | Create | Villager (Male) |
| 3:58 | Create | Villager (Male) |
| 3:58 | Create | Villager (Male) |
| 4:40 | Create | Villager (Male) |
| 4:40 | Create | Villager (Male) |
| 4:45 | Build | Mill |
| 4:51 | Create | Villager (Male) |
| 4:52 | Create | Villager (Male) |
| 5:25 | Create | Villager (Male) |
| 5:26 | Create | Villager (Male) |
| 5:41 | Build | Mill |
| 5:45 | Create | Villager (Male) |
| 5:45 | Create | Villager (Male) |
| 5:45 | Create | Villager (Male) |
| 6:03 | Research | Loom |
| 6:04 | Create | Villager (Male) |
| 6:04 | Create | Villager (Male) |
| 6:15 | Build | Palisade Wall |
| 6:16 | Build | Palisade Wall |
| 6:25 | Build | Palisade Wall |
| 6:30 | Build | Palisade Wall |
| 6:31 | Build | Palisade Wall |
| 6:45 | Create | Villager (Male) |
| 6:45 | Create | Villager (Male) |
| 6:45 | Create | Villager (Male) |
| 6:54 | Create | Villager (Male) |
| 7:00 | Build | Palisade Wall |
| 7:00 | Build | Palisade Wall |
| 7:14 | Build | Palisade Wall |
| 7:15 | Build | Palisade Wall |
| 7:24 | Build | Palisade Wall |
| 7:25 | Build | Palisade Wall |
| 7:27 | Build | Palisade Wall |
| 7:27 | Build | Palisade Wall |
| 7:28 | Build | Palisade Wall |
| 7:29 | Build | Palisade Wall |
| 7:30 | Build | Palisade Wall |
| 7:32 | Build | Palisade Wall |
| 7:34 | Build | Palisade Wall |
| 7:35 | Build | Palisade Wall |
| 7:36 | Build | Palisade Wall |
| 7:37 | Build | Palisade Wall |
| 7:38 | Build | Palisade Wall |
| 7:38 | Build | Palisade Wall |
| 7:40 | Build | Palisade Wall |
| 7:53 | Build | Mining Camp |
| 8:26 | Research | Feudal Age |
| 9:21 | Build | Palisade Wall |
| 9:32 | Build | Palisade Wall |
| 9:34 | Build | Palisade Wall |
| 9:39 | Build | Palisade Wall |
| 9:41 | Build | Palisade Wall |
| 9:47 | Build | Palisade Wall |
| 9:50 | Build | Palisade Wall |
| 9:52 | Build | Palisade Wall |
| 9:55 | Build | Palisade Wall |
| 10:36 | Age | Feudal Age |
| 10:41 | Build | Market |
| 10:52 | Build | Blacksmith |
| 11:31 | Build | Watch Tower |
| 12:28 | Build | Watch Tower |
| 12:34 | Build | Palisade Wall |
| 12:41 | Build | Palisade Wall |
| 13:40 | Build | Palisade Wall |
| 14:18 | Build | Palisade Wall |
| 14:41 | Research | Castle Age |
| 15:10 | Build | House |
| 15:18 | Build | House |
| 15:20 | Build | House |
| 16:08 | Build | House |
| 16:55 | Build | Palisade Wall |
| 16:57 | Build | Palisade Wall |
| 17:21 | Age | Castle Age |
| 17:22 | Create | Villager (Male) |
| 17:35 | Build | Siege Workshop |
| 18:01 | Build | Palisade Wall |
| 18:10 | Create | Mangonel |
| 18:41 | Build | Monastery |
| 19:35 | Create | Monk |
| 19:40 | Create | Scorpion |
| 19:43 | Create | Monk |
| 20:38 | Build | Lumber Camp |
| 21:06 | Build | House |
| 21:07 | Build | House |
| 21:13 | Research | Sanctity |
| 21:13 | Create | Monk |
| 21:49 | Create | Monk |
| 22:02 | Build | House |
| 22:03 | Build | House |
| 22:03 | Build | House |
| 22:11 | Build | House |
| 22:14 | Build | House |
| 22:26 | Create | Monk |
| 22:44 | Create | Scorpion |
| 23:13 | Build | Palisade Wall |
| 23:15 | Build | Palisade Wall |
| 23:16 | Build | Palisade Wall |
| 23:17 | Build | Palisade Wall |
| 23:17 | Build | Palisade Wall |
| 23:18 | Build | Palisade Wall |
| 23:20 | Build | Palisade Wall |
| 23:25 | Build | Palisade Wall |
| 23:39 | Create | Monk |
| 23:55 | Build | Palisade Wall |
| 24:05 | Create | Scorpion |
| 24:53 | Build | Palisade Wall |
| 25:49 | Build | Palisade Wall |
| 25:50 | Build | Palisade Wall |
| 25:50 | Build | Palisade Wall |
| 26:05 | Build | Palisade Wall |
| 26:08 | Build | Palisade Wall |
| 26:36 | Build | Siege Workshop |
| 26:50 | Create | Monk |
| 26:50 | Create | Monk |
| 26:53 | Create | Mangonel |
| 26:53 | Create | Mangonel |
| 27:27 | Create | Mangonel |
| 27:31 | Build | Palisade Wall |
| 27:38 | Build | Palisade Wall |
| 28:05 | Build | Monastery |
| 28:43 | Create | Mangonel |
| 29:30 | Create | Scorpion |
| 29:42 | Build | Palisade Wall |
| 29:43 | Build | Palisade Wall |
| 29:45 | Build | Palisade Wall |
| 30:11 | Create | Monk |
| 30:15 | Build | Palisade Wall |
Match timeline
| 6:15 | Shoskid · wall_segment Palisade Wall x7 |
| 6:16 | Shoskid · wall_segment Palisade Wall x1 |
| 6:23 | snowshawnskate · first_building Barracks |
| 6:25 | Shoskid · wall_segment Palisade Wall x5 |
| 6:30 | Shoskid · wall_segment Palisade Wall x1 |
| 6:31 | Shoskid · wall_segment Palisade Wall x1 |
| 7:00 | Shoskid · wall_segment Palisade Wall x1 |
| 7:00 | Shoskid · wall_segment Palisade Wall x1 |
| 7:14 | Shoskid · wall_segment Palisade Wall x1 |
| 7:15 | Shoskid · wall_segment Palisade Wall x1 |
| 7:24 | Shoskid · wall_segment Palisade Wall x1 |
| 7:25 | Shoskid · wall_segment Palisade Wall x1 |
| 7:27 | Shoskid · wall_segment Palisade Wall x1 |
| 7:27 | Shoskid · wall_segment Palisade Wall x1 |
| 7:28 | Shoskid · wall_segment Palisade Wall x1 |
| 7:29 | Shoskid · wall_segment Palisade Wall x1 |
| 7:30 | Shoskid · wall_segment Palisade Wall x1 |
| 7:32 | Shoskid · wall_segment Palisade Wall x1 |
| 7:34 | Shoskid · wall_segment Palisade Wall x1 |
| 7:35 | Shoskid · wall_segment Palisade Wall x1 |
| 7:36 | Shoskid · wall_segment Palisade Wall x1 |
| 7:37 | Shoskid · wall_segment Palisade Wall x1 |
| 7:38 | Shoskid · wall_segment Palisade Wall x1 |
| 7:38 | Shoskid · wall_segment Palisade Wall x1 |
| 7:40 | Shoskid · wall_segment Palisade Wall x1 |
| 9:00 | snowshawnskate · age_up feudal |
| 9:21 | Shoskid · wall_segment Palisade Wall x1 |
| 9:32 | Shoskid · wall_segment Palisade Wall x1 |
| 9:34 | Shoskid · wall_segment Palisade Wall x1 |
| 9:39 | Shoskid · wall_segment Palisade Wall x1 |
| 9:41 | Shoskid · wall_segment Palisade Wall x1 |
| 9:47 | Shoskid · wall_segment Palisade Wall x1 |
| 9:50 | Shoskid · wall_segment Palisade Wall x1 |
| 9:52 | Shoskid · wall_segment Palisade Wall x1 |
| 9:55 | Shoskid · wall_segment Palisade Wall x1 |
| 10:36 | Shoskid · age_up feudal |
| 12:23 | Shoskid · first_market_buy 100 stone |
| 12:34 | Shoskid · wall_segment Palisade Wall x1 |
| 12:41 | Shoskid · wall_segment Palisade Wall x1 |
| 13:40 | Shoskid · wall_segment Palisade Wall x1 |
| 13:49 | Shoskid · first_market_sell 100 wood |
| 14:18 | Shoskid · wall_segment Palisade Wall x1 |
| 16:55 | Shoskid · wall_segment Palisade Wall x1 |
| 16:57 | Shoskid · wall_segment Palisade Wall x1 |
| 17:21 | Shoskid · age_up castle |
| 17:35 | Shoskid · first_building Siege Workshop |
| 17:42 | snowshawnskate · wall_segment Palisade Wall x15 |
| 18:01 | Shoskid · wall_segment Palisade Wall x1 |
| 18:41 | Shoskid · first_building Monastery |
| 18:51 | snowshawnskate · wall_segment Palisade Wall x2 |
| 20:56 | snowshawnskate · first_building Stable |
| 23:13 | Shoskid · wall_segment Palisade Wall x1 |
| 23:15 | Shoskid · wall_segment Palisade Wall x1 |
| 23:16 | Shoskid · wall_segment Palisade Wall x1 |
| 23:17 | Shoskid · wall_segment Palisade Wall x1 |
| 23:17 | Shoskid · wall_segment Palisade Wall x1 |
| 23:18 | Shoskid · wall_segment Palisade Wall x1 |
| 23:20 | Shoskid · wall_segment Palisade Wall x1 |
| 23:25 | Shoskid · wall_segment Palisade Wall x1 |
| 23:30 | snowshawnskate · age_up castle |
| 23:55 | Shoskid · wall_segment Palisade Wall x1 |
| 24:53 | Shoskid · wall_segment Palisade Wall x1 |
| 25:49 | Shoskid · wall_segment Palisade Wall x1 |
| 25:50 | Shoskid · wall_segment Palisade Wall x1 |
| 25:50 | Shoskid · wall_segment Palisade Wall x1 |
| 26:05 | Shoskid · wall_segment Palisade Wall x2 |
| 26:08 | Shoskid · wall_segment Palisade Wall x1 |
| 26:53 | snowshawnskate · wall_segment Palisade Wall x1 |
| 27:31 | Shoskid · wall_segment Palisade Wall x1 |
| 27:36 | snowshawnskate · first_market_buy 100 stone |
| 27:38 | Shoskid · wall_segment Palisade Wall x1 |
| 29:42 | Shoskid · wall_segment Palisade Wall x1 |
| 29:43 | Shoskid · wall_segment Palisade Wall x1 |
| 29:45 | Shoskid · wall_segment Palisade Wall x1 |
| 30:15 | Shoskid · wall_segment Palisade Wall x1 |
| 33:01 | Shoskid · resign |
[ AI ANALYSIS · 1 CREDIT ]
What really happened in this match?
Wolo.gg analyzes every decision: build order, eco, micro, common mistakes by bracket. Personalized analysis on WhatsApp or Discord in 30 seconds.
Civ guide
Armenians
Perfil
Jugador #1193732